AoeStats
← UgurtheGreat

Arena

505941902Analyzed
2v2 RM · 19d ago on Sep 11, 2026· 42m 24s· 4 players
Game mode
Random Map
Map size
Medium (4 player)
Population
200
Speed
Normal
Resources
Standard
Victory
Conquest
Starting age
Dark Age
Ending age
Imperial Age
RankedLock teamsTeams togetherTeam positionsShared explorationLock speedFull tech treeHidden civsTurbo modeCheats
Victory
Defeat
🇮🇹 Teutons · Italy
1048
+16
🇹🇷 Italians · Türkiye
1042
+16
🇬🇪 Bulgarians · Georgia
1043
-16
1043
-16
erovich.melkor
12:42 Feudal Age
10:59 Loom
17:33 Castle Age
16:10 Horse Collar
16:25 Double-Bit Axe
18:55 Bow Saw
29:25 Forging
31:12 Fletching
33:30 Iron Casting
34:56 Scale Barding Armor
35:41 Chain Barding Armor
36:36 Wheelbarrow
40:14 Imperial Age
39:57 Murder Holes
40:13 Masonry
40:52 Heavy Scorpion
41:06 Cavalier
41:46 Husbandry
41:57 Bloodlines
Экзит Венчурович
13:26 Feudal Age
16:44 Castle Age
14:34 Double-Bit Axe
15:09 Horse Collar
17:54 Bow Saw
17:59 Heavy Plow
34:10 Crossbowman
34:26 Elite Skirmisher
34:52 Elite Skirmisher
37:11 Wheelbarrow
41:49 Hand Cart
klaushofer
11:33 Feudal Age
15:46 Castle Age
14:19 Double-Bit Axe
15:07 Loom
16:12 Wheelbarrow
17:54 Bow Saw
22:01 Scale Barding Armor
22:45 Scale Mail Armor
24:10 Forging
26:46 Gold Mining
28:50 Chain Mail Armor
29:10 Iron Casting
33:35 Imperial Age
35:11 Plate Mail Armor
38:06 Elite Teutonic Knight
39:49 Capped Ram
UgurtheGreat
4:36 Loom
11:41 Feudal Age
15:26 Castle Age
13:58 Double-Bit Axe
13:57 Horse Collar
18:37 Bow Saw
23:35 Fletching
31:43 Imperial Age
30:40 Bodkin Arrow
32:11 Ballistics
33:20 Wheelbarrow
32:32 Town Watch
33:27 Thumb Ring
34:12 Bracer
34:13 Padded Archer Armor
35:34 Two-Man Saw
35:38 Chemistry
35:38 Scale Mail Armor
35:51 Forging
36:20 Squires
36:10 Arson
38:17 Chain Mail Armor
41:18 Plate Mail Armor
41:04 Leather Archer Armor
Connection lost

Rejoining the realm…

Still unreachable

The connection could not be restored.

Session expired

The server has moved on; the page needs a fresh start.